 Dungeon Crawl Stone Soup version 0.24.1-8-ga250c9d538 (webtiles) character file.

Game seed: 3519595890363753123, levelgen mode: deterministic

18 Peloso the Skirmisher (level 2, 24/24 HPs)
             Began as a Demonspawn Fighter on Apr 30, 2020.
             Got out of the dungeon alive.
             The game lasted 00:01:20 (692 turns).

Peloso the Skirmisher (Demonspawn Fighter)           Turns: 692, Time: 00:01:21

Health: 24/24      AC:  6    Str: 16    XL:     2   Next: 51%
Magic:  2/2        EV:  6    Int:  9    God:
Gold:   57         SH:  8    Dex: 10    Spells: 1/1 levels left

rFire    . . .     SeeInvis .   a - +0 long sword
rCold    . . .     Gourm    .   c - +0 shield
rNeg     . . .     Faith    .   b - +0 scale mail
rPois    .         Spirit   .   (no helmet)
rElec    .         Reflect  .   (no cloak)
rCorr    .         Harm     .   (no gloves)
MR       .....                  (no boots)
Stlth    ..........             (no amulet)
HPRegen  0.08/turn              (no ring)
MPRegen  0.08/turn              (no ring)

@: no status effects
A: hooves 2, clumsy 1, wild magic 1
a: no special abilities


You escaped.
You were not hungry.

You visited 1 branch of the dungeon, and saw 1 of its levels.

You collected 57 gold pieces.

Inventory:

Hand Weapons
 a - a +0 long sword (weapon)
Armour
 b - a +0 scale mail (worn)
 c - a +0 shield (worn)
Scrolls
 e - a scroll of enchant armour {unknown}
 g - a scroll of fear {unknown}
 j - 3 scrolls of remove curse {unknown}
Potions
 d - a potion of might
 i - a potion of heal wounds {unknown}
Comestibles
 f - 3 rations


   Skills:
 + Level 3.1 Fighting
 + Level 2.1 Long Blades
 + Level 3.0 Armour
 + Level 0.3 Dodging
 + Level 2.8 Shields


You had one spell level left.
You didn't know any spells.
Your spell library was empty.

Dungeon Overview and Level Annotations

Branches:
Dungeon (1/15)

Altars:


Innate Abilities, Weirdness & Mutations

You have hoof-like feet.
You are clumsy. (Dex -2)
Your spells are a little harder to cast, but a little more powerful.


Message History

It was a potion of mutation.
You feel extremely strange.
You feel less energetic.
You feel insulated.
There is an open door here.
There is an open door here.
Found a ration and 2 golden potions.
You see here a potion of mutation.
h - a potion of mutation Really quaff the potion of mutation?
You feel extremely strange.
You feel more energetic.
You feel conductive.
You feel clumsy.
You feel less in control of your magic.
Your feet thicken and deform.
(D) Dungeon
Where to? (? - help)
What level of the Dungeon? (default 1, ? - help)
There is an open door here.
Magic restored.
There is an open door here.
There is a staircase leading out of the dungeon here.
Are you sure you want to leave the Dungeon?
This will make you lose the game!
You have escaped!

#.....(.#.#.......#.>#
#.......#.#.......#.##
#.......#.#####.....#
#.......#.#......(..#
#.......#...........#
#.......###.........#
###.###.............#
#....########'##.##
#....# #.@..#.# #....#
#..(.#.# ######
##÷####.#
#######÷.#....#
###...##..##....#
#.........##....##
#...†....###.....#
##.....### #...#.#
####### #...#.#


There were no monsters in sight!

Vanquished Creatures
  A dart slug (D:1)
  A leopard gecko (D:1)
  3 bats (D:1)
  A hobgoblin (D:1)
  2 kobolds (D:1)
  A frilled lizard (D:1)
  A goblin (D:1)
  7 rats (D:1)
17 creatures vanquished.

Notes
Turn   | Place    | Note
-------+----------+-------------------------------------------
     0 | D:1      | Peloso the Demonspawn Fighter began the quest for the Orb.
     0 | D:1      | Reached XP level 1. HP: 18/18 MP: 1/1
   156 | D:1      | Gained mutation: You have large cloven feet. [demonic
                  | ancestry]
   156 | D:1      | Reached XP level 2. HP: 24/24 MP: 2/2
   641 | D:1      | Gained mutation: Your magical capacity is low. (-10% MP)
                  | [potion of mutation]
   641 | D:1      | Gained mutation: You are resistant to electric shocks.
                  | (rElec) [potion of mutation]
   654 | D:1      | Lost mutation: Your magical capacity is low. (-10% MP)
                  | [potion of mutation]
   654 | D:1      | Lost mutation: You are resistant to electric shocks.
                  | (rElec) [potion of mutation]
   654 | D:1      | Gained mutation: You are clumsy. (Dex -2) [potion of
                  | mutation]
   654 | D:1      | Gained mutation: Your spells are a little harder to cast,
                  | but a little more powerful. [potion of mutation]
   654 | D:1      | Gained mutation: You have hoof-like feet. [potion of
                  | mutation]
   692 | D:$      | Got out of the dungeon alive.

Levels and vault maps discovered:
D:1:      dpeg_arrival_ratfight, layout_basic, minmay_pentomino_s2

Skill      XL: |  1  2 |
---------------+-------+-----
Long Blades    | 2 |  2.1
Armour         | 3 |  3.0
Fighting       | |  3.1
Dodging        | |  0.3
Shields        | |  2.8

Action                   || total
-------------------------++-------
Melee: Long sword        ||    53
       Kick              ||     5
  Use: Potion            ||     3
Armor: Scale mail        ||    36
Dodge: Dodged            ||    21
Block: Shield            ||    43
       Rpst.: Long sword ||     8
